 Dungeon Crawl Stone Soup version 0.19.1-1-g22dce08 (webtiles) character file.

38 w00t the Conjurer (level 3, -2/29 HPs)
             Began as a Draconian Conjurer on Jan 18, 2017.
             Slain by a worm (6 damage)
             ... on level 2 of the Dungeon on Jan 19, 2017.
             The game lasted 00:01:38 (1278 turns).

w00t the Conjurer (Draconian Conjurer)              Turns: 1278, Time: 00:01:39

Health: -2/29      AC:  5    Str: 10    XL:     3   Next: 25%
Magic:  1/6        EV: 12    Int: 18    God:
Gold:   51         SH:  0    Dex: 11    Spells: 1 memorised, 5 levels left

rFire  . . .     SeeInvis .     k - -3 club
rCold  + . .     Gourm    .     (armour unavailable)
rNeg   . . .     Faith    .     (no shield)
rPois  .         Spirit   .     (helmet restricted)
rElec  .         Reflect  .     (no cloak)
rCorr  .         Harm     .     (no gloves)
MR     .....                    (no boots)
Stlth  ++........               (no amulet)
                                i - +2 ring of intelligence
                                j - ring of protection from cold {rC+, !d}

@: no status effects
A: unfitting armour, cold-blooded, AC +5
a: no special abilities


You were on level 2 of the Dungeon.
You were very hungry.

You visited 1 branch of the dungeon, and saw 2 of its levels.

You collected 51 gold pieces.

Inventory:

Hand Weapons
 k - a -3 club (weapon)
Missiles
 d - 14 stones (quivered)
Jewellery
 h - an uncursed ring of see invisible {sInv, !d}
 i - a +2 ring of intelligence (right hand)
 j - a ring of protection from cold (left hand) {rC+, !d}
Scrolls
 m - a scroll of identify {@r1}
Books
 a - a book of Conjurations

   Spells                             Type                      Level
   a - Magic Dart                     Conjuration                  1
   b - Searing Ray                    Conjuration                  2
   c - Dazzling Spray                 Conjuration/Hexes            3
   d - Fulminant Prism                Conjuration/Hexes            4
   e - Iskenderun's Mystic Blast      Conjuration                  4
   f - Iskenderun's Battlesphere      Conjuration/Charms           5
Comestibles
 b - a bread ration
 f - 2 meat rations


   Skills:
 + Level 2.2 Fighting
 + Level 2.6 Dodging
 - Level 1.7 Stealth
 - Level 2.0 Spellcasting
 - Level 4.0 Conjurations


You had 5 spell levels left.
You knew the following spells:

 Your Spells              Type           Power        Failure   Level  Hunger
a - Magic Dart            Conj           ###.         3%          1    #......


Dungeon Overview and Level Annotations

Branches:
Dungeon (2/15)

Altars:


Innate Abilities, Weirdness & Mutations

Your plain brown scales are hard. (AC +5)
You cannot fit into any form of body armour.
You are cold-blooded and may be slowed by cold attacks.


Message History

You hit the worm but do no damage.
The worm is lightly wounded.
The worm bites you!
* * * LOW HITPOINT WARNING * * *
You hit the worm but do no damage.
The worm is lightly wounded.
The worm barely misses you.
Casting: Magic Dart
Confirm with . or Enter, or press ? or * to list all spells.
Aiming: Magic Dart
Press: ? - help, Shift-Dir - straight line, f/p - worm
Aim: a worm The magic dart hits the worm.
The worm is lightly wounded.
You barely miss the worm.
The worm is lightly wounded.
The worm misses you.
You aren't carrying any potions.
You completely miss the worm. The worm bites you.
You die...

#...........#.
#.#####.###.#.
#.#...#.#.#.#.
#.###.#.#.#.#.
#.....#.#...#.
###########.#.######
#...........#.......
#.#####.###.#.###.##
#.#@wb#.# #.#.#.#.#.
#.###.#.# #.#.#.#.#.
###.....#.# ..#...#.#.
#.####.##.#########.##
#....#b##...........#
#.......#.#########.#
#.....###.#...#...#.#
#.....###.###.#.###.#
#.......#.....#.....#


You could see a worm and a bat.

Vanquished Creatures
  An ooze (D:2)
  A worm (D:2)
  2 dart slugs
  A leopard gecko (D:1)
  A ball python (D:1)
  2 bats
  2 giant cockroaches (D:2)
  2 goblins
  6 hobgoblins
  2 kobolds
  A frilled lizard (D:2)
  3 rats
24 creatures vanquished.

Notes
Turn   | Place    | Note
-------+----------+-------------------------------------------
     0 | D:1      | w00t the Draconian Conjurer began the quest for the Orb.
     0 | D:1      | Reached XP level 1. HP: 14/14 MP: 3/3
   145 | D:1      | Reached skill level 1 in Fighting
   309 | D:1      | Reached XP level 2. HP: 23/23 MP: 3/5
  1041 | D:2      | Reached XP level 3. HP: 29/29 MP: 0/6
  1278 | D:2      | Slain by a worm

Skill      XL: |  1  2 |
---------------+-------+-----
Dodging        | 2 |  2.6
Fighting       | 1 2 |  2.2
Stealth        | |  1.7
Spellcasting   | |  2.0
Conjurations   | |  4.0

Action                   || total
-------------------------++-------
Melee: Unarmed           ||    10
       Tailslap          ||     2
       Club              ||    20
Throw: Stone             ||     6
 Cast: Magic Dart        ||    62
  Use: Scroll            ||     2
       Potion            ||     2
  Eat: Chunk             ||     1
Armor: Skin              ||    13
Dodge: Dodged            ||    27
